 Dungeon Crawl Stone Soup version 0.27-a0-1324-ge0d8e047f6 (webtiles) character file.

Game seed: 2779679071815807991

48 Tocho the Grasshopper (level 3, -3/33 HPs)
             Began as a Naga Warper on June 23, 2021.
             Slain by an orc (4 damage)
             ... on level 2 of the Dungeon.
             The game lasted 00:03:58 (3362 turns).

Tocho the Grasshopper (Naga Warper)                 Turns: 3362, Time: 00:04:01

Health: -3/33      AC:  5    Str: 14    XL:     3   Next: 72%
Magic:  15/15      EV:  4    Int: 13    God:
Gold:   92         SH:  0    Dex: 10    Spells: 4/6 levels left

rFire    . . .     SeeInvis +   a - +0 short sword
rCold    . . .     Faith    .   (no shield)
rNeg     . . .     Spirit   .   f - +0 chain mail
rPois    +         Reflect  .   (no helmet)
rElec    .         Harm     .   (no cloak)
rCorr    .         Rampage  .   (no gloves)
Will     .....                  (no barding)
Stlth    ..........             (no amulet)
HPRegen  0.11/turn              e - ring of magical power
MPRegen  0.14/turn              (no ring)

@: short of breath, very slow
A: AC +1, large, see invisible, deformed body, poison resistance, slowness 2,
spit poison 1, naga tail 1
a: Spit Poison


You were on level 2 of the Dungeon.
You visited 1 branch of the dungeon, and saw 3 of its levels.

You collected 92 gold pieces.

Inventory:

Hand Weapons
 a - a +0 short sword (weapon)
Missiles
 d - 4 boomerangs of dispersal
Armour
 b - a +0 leather armour
 f - a +0 chain mail (worn)
Jewellery
 e - a ring of magical power (left hand)
Scrolls
 c - a scroll of blinking
 h - a scroll of acquirement {unknown}
 i - a scroll of noise {unknown}
 j - a scroll of magic mapping {unknown}
 l - a scroll of summoning {unknown}
 n - 2 scrolls of enchant weapon {unknown}
 o - 2 scrolls of identify {unknown}
Potions
 g - a potion of brilliance {unknown}
 k - a potion of attraction {unknown}
 m - a potion of degeneration {unknown}
 p - a potion of invisibility {unknown}


   Skills:
 * Level 2.4 Fighting
 * Level 2.3 Short Blades
 - Level 0.8 Throwing
 + Level 1.2 Armour
 + Level 1.7 Dodging
 * Level 2.0 Stealth
 + Level 2.0 Spellcasting
 + Level 3.4 Translocations


You had 4 spell levels left.
You knew the following spells:

 Your Spells              Type           Power      Damage    Failure   Level
a - Blink                 Tloc           N/A        N/A       95%         2

Your spell library contained the following spells:

 Spells                   Type           Power      Damage    Failure   Level
 Gell's Gravitas          Tloc           5%         N/A       99%         3
 Lesser Beckoning         Tloc           5%         N/A       99%         3
 Teleport Other           Tloc           10%        N/A       99%         3
 Manifold Assault         Tloc           10%        N/A       100%        5


Dungeon Overview and Level Annotations

Branches:
Dungeon (3/15)

Altars:

Shops:
D:3 ?


Innate Abilities, Weirdness & Mutations

Your serpentine skin is tough. (AC +1)
You have supernaturally acute eyesight. (SInv)
Armour fits poorly on your strangely shaped body.
Your system is resistant to poisons. (rPois)
You cover ground very slowly.
You can spit poison.
You have a snake-like lower body.


Message History

The splash of poison misses the orc. x2
The orc barely misses you.
Unknown command.
You closely miss the orc. The orc barely misses you.
Unknown command.
You barely miss the orc.
You have got your breath back.
The orc hits you with a +0 flail!
* * * LOW HITPOINT WARNING * * *
You hit the orc but do no damage. The orc barely misses you.
You hit the orc.
The orc is severely wounded.
The orc hits you but does no damage.
You hit the orc but do no damage.
The orc is severely wounded.
The orc barely misses you.
You closely miss the orc.
The orc is severely wounded.
The orc hits you with a +0 flail.
* * * LOW HITPOINT WARNING * * *
Abil: Spit Poison
Press: ? - help, Q - select action, (/) - cycle Shift-Dir - straight line, f - orc, p - orc
Aim: an orc, wielding a +0 whip The splash of poison hits the orc.
The orc is poisoned.
The orc is almost dead.
You kill the orc!
You hit the orc but do no damage. The orc hits you with a +0 whip.
* * * LOW HITPOINT WARNING * * *
You barely miss the orc. The orc hits you with a +0 whip.
* * * LOW HITPOINT WARNING * * *
You closely miss the orc.
You have got your breath back.
The orc hits you but does no damage.
Abil: Spit Poison
Press: ? - help, Q - select action, (/) - cycle Shift-Dir - straight line, f/p - orc
Aim: an orc, wielding a +0 whip The splash of poison hits the orc.
The orc is lightly wounded.
The orc hits you with a +0 whip.
You die...

###............#......#
#.........####......#
#.........# #......#
#.........# #......#
#.........# #......##
#.).......# #.......#
#.<.......# ####....#
#.........#######....##
#####.........@o......#
#############.....#
#########.....#
#.............#
#########.....# #.###.#
#.# #)# #.# #.#######
#.# #.......#


You could see an orc.

Vanquished Creatures
  A worm (D:2)
  An orc (D:2)
  4 endoplasms (D:1)
  2 giant cockroaches
  6 hobgoblins
  3 jackals (D:1)
  A quokka (D:1)
  5 ball pythons
  4 bats
  A frilled lizard (D:1)
  5 goblins
  5 kobolds
  3 rats
41 creatures vanquished.

Notes
Turn   | Place    | Note
-------+----------+-------------------------------------------
     0 | D:1      | Tocho the Naga Warper began the quest for the Orb.
     0 | D:1      | Reached XP level 1. HP: 19/19 MP: 3/3
   247 | D:1      | Reached XP level 2. HP: 1/26 MP: 5/5
   656 | D:1      | Learned a level 2 spell: Blink
   886 | D:1      | Reached skill level 1 in Stealth
  1717 | D:1      | Reached XP level 3. HP: 26/33 MP: 6/6
  2073 | D:1      | Reached skill level 1 in Armour
  2395 | D:2      | Found a faded altar of an unknown god.
  3252 | D:3      | Found Jomp's Magic Scroll Shop.
  3360 | D:2      | HP: 1/33 [orc (2)]
  3362 | D:2      | Slain by an orc

Illustrated notes

Levels and vault maps discovered:
D:1:      amcnicky_arrival_double_pillar, layout_loops_ring,
          kennysheep_flooded_box
D:2:      layout_basic, basic_ecumenical_altar
D:3:      layout_basic, serial_shops,
          nicolae_shop_temple_entry_statues_fountains,
          ebering_ghost_inner_flame, minmay_misc_feat_plants, uniq_robin,
          uniq_grinder, uniq_sigmund

Skill      XL: |  1  2  3 |
---------------+----------+-----
Stealth        | 1 2 |  2.0
Armour         | 1 |  1.2
Fighting       | |  2.4
Short Blades   | |  2.3
Throwing       | |  0.8
Dodging        | |  1.7
Spellcasting   | |  2.0
Translocations | |  3.4

Action                   || total
-------------------------++-------
Melee: Short sword       ||   152
Throw: Boomerang         ||     1
 Abil: Spit Poison       ||    30
Armor: Leather armour    ||     6
       Chain mail        ||    72
Dodge: Dodged            ||    38

Table legend: (Time is in decaauts)
 A = Elapsed time spent in this place.
 B = Non-inter-level travel time spent in this place.
 C = Inter-level travel time spent in this place.
 D = Time resting spent in this place.
 E = Time spent auto-exploring this place.
 F = Levels seen in this place.
 G = Mean time per level.
                   A        B        C        D        E       F      G
               +--------+--------+--------+--------+--------+-----+--------+
         Total |   3936 |   3803 |    133 |    620 |   2827 |   3 | 1312.0 |
       Dungeon |   3936 |   3803 |    133 |    620 |   2827 |   3 | 1312.0 |
               +--------+--------+--------+--------+--------+-----+--------+

Top non-repeatable levels by time:
     D:1: 2434 daAuts
     D:2: 1498 daAuts
     D:3: 4 daAuts
